[Event "Biel Master Tournament 2019"]
[Site "Biel"]
[Date "2019.07.25"]
[Round "4.11"]
[White "Flom, Gabriel"]
[Black "Antipov, Mikhail Al."]
[Result "1-0"]
[ECO "B15"]
[WhiteElo "2494"]
[BlackElo "2582"]
[Annotator "ChessBase"]
[PlyCount "107"]
[EventDate "2019.07.20"]
[EventType "swiss"]
[EventCountry "SUI"]
[SourceTitle "playchess.com"]
[Source "ChessBase"]
[SourceQuality "1"]
[TimeControl "40/5400+30:1800+30"]

1. d4 g6 2. e4 Bg7 3. Nc3 c6 4. Be3 d5 5. Nf3 Qb6 6. Rb1 dxe4 7. Nxe4 Bf5 8. Ng3 Bg4 9. c3 Nf6 10. h3 Bxf3 11. Qxf3 Nd5 12. Bc4 O-O 13. Bxd5 cxd5 14. Qxd5 Qa6 15. a4 Qxa4 16. Qxb7 Qc6 17. Qxc6 Nxc6 18. b4 f5 19. f4 Rac8 20. Ne2 e6 21. Ra1 Rc7 22. Kf2 Ne7 23. Ra3 Nd5 24. Rha1 Rff7 25. Bd2 Rfd7 26. Kf3 Bf8 27. Ra6 Kf7 28. g4 h6 29. gxf5 exf5 30. R1a5 Nb6 31. Rc5 Bxc5 32. bxc5 Nc4 33. Bc1 Re7 34. Ra4 Nb6 35. cxb6 axb6 36. Rb4 Re6 37. Bd2 Ra7 38. d5 Re8 39. Nc1 Rd8 40. c4 Ra3+ 41. Be3 Re8 42. Rb3 Rxb3 43. Nxb3 Ra8 44. Nd4 Ra3 45. Ke2 g5 46. Nxf5 gxf4 47. Bxb6 Kf6 48. d6 Ke6 49. Nd4+ Kd7 50. c5 Re3+ 51. Kd2 Rxh3 52. Bc7 Rh5 53. c6+ Kc8 54. Kd3 1-0

[Event "Biel Master Tournament 2019"]
[Site "Biel"]
[Date "2019.07.25"]
[Round "4.14"]
[White "Low, Zhen Yu Cyrus"]
[Black "Tabatabaei, M.amin"]
[Result "0-1"]
[ECO "C58"]
[WhiteElo "2155"]
[BlackElo "2601"]
[Annotator "ChessBase"]
[PlyCount "51"]
[EventDate "2019.07.20"]
[EventType "swiss"]
[EventCountry "SUI"]
[SourceTitle "playchess.com"]
[Source "ChessBase"]
[SourceQuality "1"]
[TimeControl "40/5400+30:1800+30"]

1. e4 e5 2. Nf3 Nc6 3. Bc4 Nf6 4. Ng5 d5 5. exd5 Na5 6. Bb5+ c6 7. dxc6 bxc6 8. Bd3 Nd5 9. Nf3 Bd6 10. O-O O-O 11. Re1 f5 12. Nxe5 Qf6 13. Qe2 Bb7 14. Nc4 Nf4 15. Qf1 c5 16. f3 Nxd3 17. cxd3 Nxc4 18. dxc4 Qd4+ 19. Kh1 Qh4 20. g3 Bxg3 21. Re2 Rae8 22. Kg1 Rxe2 23. Qxe2 Bxf3 24. Qxf3 Qxh2+ 25. Kf1 Re8 26. Qd1 0-1

[Event "Biel Master Tournament 2019"]
[Site "Biel"]
[Date "2019.07.25"]
[Round "4.16"]
[White "Sukandar, Irine Kharisma"]
[Black "Moussard, Jules"]
[Result "1/2-1/2"]
[ECO "B53"]
[WhiteElo "2396"]
[BlackElo "2576"]
[Annotator "ChessBase"]
[PlyCount "92"]
[EventDate "2019.07.20"]
[EventType "swiss"]
[EventCountry "SUI"]
[SourceTitle "playchess.com"]
[Source "ChessBase"]
[SourceQuality "1"]
[TimeControl "40/5400+30:1800+30"]

1. e4 c5 2. Nf3 d6 3. d4 cxd4 4. Qxd4 a6 5. h3 Nf6 6. Be2 e6 7. c4 Be7 8. Nc3 Qc7 9. Be3 Nbd7 10. O-O b6 11. b4 Bb7 12. Nd2 O-O 13. Nb3 Rfd8 14. Rac1 Rac8 15. f3 Nh5 16. Bf2 Nf4 17. Bd1 Bg5 18. Be3 Ne5 19. Ne2 Ned3 20. Bxf4 Nxf4 21. Nxf4 Bxf4 22. Rc2 a5 23. a3 axb4 24. axb4 Ra8 25. Nc1 Ra3 26. Kh1 Rda8 27. Be2 Be3 28. Qb2 Qe7 29. Rc3 Rxc3 30. Qxc3 Qg5 31. Nd3 e5 32. Ra1 Rc8 33. Ra7 Bc6 34. b5 Be8 35. Qa3 Qh6 36. Ra8 Rxa8 37. Qxa8 Kf8 38. Qd8 Bd4 39. Kh2 Qe3 40. Qxd6+ Kg8 41. Qe7 h5 42. Qxe8+ Kh7 43. Qxf7 h4 44. Qh5+ Kg8 45. Qe8+ Kh7 46. Qh5+ Kg8 1/2-1/2

[Event "Biel Master Tournament 2019"]
[Site "Biel"]
[Date "2019.07.25"]
[Round "4.17"]
[White "Aryan, Chopra"]
[Black "Lee, Jun Hyeok"]
[Result "1-0"]
[ECO "C05"]
[WhiteElo "2553"]
[BlackElo "2383"]
[Annotator "ChessBase"]
[PlyCount "87"]
[EventDate "2019.07.20"]
[EventType "swiss"]
[EventCountry "SUI"]
[SourceTitle "playchess.com"]
[Source "ChessBase"]
[SourceQuality "1"]
[TimeControl "40/5400+30:1800+30"]

1. e4 e6 2. d4 d5 3. Nc3 Nf6 4. e5 Nfd7 5. f4 c5 6. Nce2 Nc6 7. Nf3 b5 8. a3 a5 9. c3 a4 10. f5 Nb6 11. fxe6 Bxe6 12. dxc5 Bxc5 13. Ned4 Bxd4 14. Bxb5 Bxc3+ 15. bxc3 Qc7 16. Nd4 Bd7 17. Bxc6 Bxc6 18. O-O Bd7 19. e6 Bxe6 20. Nxe6 fxe6 21. Qh5+ g6 22. Qh4 Rf8 23. Rxf8+ Kxf8 24. Qf6+ Qf7 25. Qh8+ Ke7 26. Qd4 Nc4 27. Qc5+ Kf6 28. Qd4+ e5 29. Qh4+ Ke6 30. Bh6 g5 31. Bxg5 Rf8 32. Qh6+ Kd7 33. h3 Rg8 34. Rd1 e4 35. Kh1 Qf5 36. h4 Nd6 37. c4 Nxc4 38. Qa6 Nd6 39. Qa7+ Kc6 40. Qxa4+ Kc7 41. Rc1+ Kb8 42. Rb1+ Nb7 43. Qc6 Rg7 44. Qe8+ 1-0

[Event "Biel Master Tournament 2019"]
[Site "Biel"]
[Date "2019.07.25"]
[Round "4.18"]
[White "Sachdev, Tania"]
[Black "Epishin, Vladimir"]
[Result "1/2-1/2"]
[ECO "A53"]
[WhiteElo "2350"]
[BlackElo "2549"]
[Annotator "ChessBase"]
[PlyCount "50"]
[EventDate "2019.07.20"]
[EventType "swiss"]
[EventCountry "SUI"]
[SourceTitle "playchess.com"]
[Source "ChessBase"]
[SourceQuality "1"]
[TimeControl "40/5400+30:1800+30"]

1. d4 Nf6 2. c4 d6 3. Nc3 Bf5 4. f3 e5 5. e4 Bd7 6. Nge2 Be7 7. Be3 c6 8. Qd2 O-O 9. g4 b5 10. Ng3 bxc4 11. O-O-O exd4 12. Bxd4 Be6 13. Nf5 Ne8 14. f4 f6 15. h4 Nd7 16. g5 Bxf5 17. exf5 d5 18. Re1 Bc5 19. Re6 Rc8 20. Bh3 Bxd4 21. Qxd4 Nb6 22. Qc5 Qc7 23. Qe3 Qd8 24. Qc5 Qc7 25. Qe3 Qd8 1/2-1/2

[Event "Biel Master Tournament 2019"]
[Site "Biel"]
[Date "2019.07.25"]
[Round "4.19"]
[White "Bellahcene, Bilel"]
[Black "Loeffler, Markus"]
[Result "0-1"]
[ECO "B94"]
[WhiteElo "2541"]
[BlackElo "2339"]
[Annotator "ChessBase"]
[PlyCount "80"]
[EventDate "2019.07.20"]
[EventType "swiss"]
[EventCountry "SUI"]
[SourceTitle "playchess.com"]
[Source "ChessBase"]
[SourceQuality "1"]
[TimeControl "40/5400+30:1800+30"]

1. e4 c5 2. Nf3 d6 3. d4 cxd4 4. Nxd4 Nf6 5. Nc3 a6 6. Bg5 Nbd7 7. Bc4 Qb6 8. Bb3 e6 9. Qd2 Nc5 10. f3 Be7 11. O-O-O Bd7 12. g4 Qc7 13. h4 b5 14. a3 Qb6 15. Kb1 a5 16. Bxf6 Bxf6 17. g5 Be7 18. Nd5 exd5 19. Bxd5 O-O 20. Bxa8 Rxa8 21. c3 Rb8 22. Nc2 Be6 23. Qd4 Qb7 24. Rh2 Bb3 25. Rc1 Bc4 26. Rd1 Qc8 27. Qe3 Bf8 28. h5 Bb3 29. Rg1 Bxc2+ 30. Rxc2 b4 31. cxb4 axb4 32. g6 Qe6 33. gxh7+ Kxh7 34. Rd2 bxa3 35. Qxa3 Be7 36. Rgg2 Rb3 37. Qa8 Rxf3 38. Rxg7+ Kxg7 39. Rg2+ Bg5 40. Rxg5+ Kh6 0-1

[Event "Biel Master Tournament 2019"]
[Site "Biel"]
[Date "2019.07.25"]
[Round "4.20"]
[White "Akash, Ganesan"]
[Black "Shchekachev, Andrei"]
[Result "0-1"]
[ECO "B89"]
[WhiteElo "2394"]
[BlackElo "2531"]
[Annotator "ChessBase"]
[PlyCount "74"]
[EventDate "2019.07.20"]
[EventType "swiss"]
[EventCountry "SUI"]
[SourceTitle "playchess.com"]
[Source "ChessBase"]
[SourceQuality "1"]
[TimeControl "40/5400+30:1800+30"]

1. e4 c5 2. Nf3 e6 3. d4 cxd4 4. Nxd4 Nc6 5. Nc3 d6 6. Be3 Nf6 7. Bc4 a6 8. Qe2 Na5 9. Bb3 b5 10. O-O-O Qc7 11. g4 Nxb3+ 12. axb3 Bb7 13. f3 Rc8 14. Kb1 Nd7 15. g5 Nc5 16. h4 b4 17. Na4 e5 18. Nxc5 dxc5 19. Nf5 g6 20. Ng3 c4 21. h5 Be7 22. Rh2 Rf8 23. hxg6 hxg6 24. Qf1 cxb3 25. cxb3 Qc6 26. f4 exf4 27. Qxf4 Qe6 28. Ka2 a5 29. Rhd2 a4 30. Kb1 f6 31. gxf6 Rxf6 32. Qh6 Bxe4+ 33. Nxe4 Qxe4+ 34. Rd3 Rf1 35. Qh8+ Bf8 36. Ka1 Qxd3 37. Qe5+ Kf7 0-1

[Event "Biel Master Tournament 2019"]
[Site "Biel"]
[Date "2019.07.26"]
[Round "5.4"]
[White "Donchenko, Alexander"]
[Black "Gukesh D"]
[Result "1-0"]
[ECO "B38"]
[WhiteElo "2615"]
[BlackElo "2520"]
[Annotator "RC"]
[PlyCount "83"]
[EventDate "2019.07.20"]
[EventType "swiss"]
[EventCountry "SUI"]
[SourceTitle "playchess.com"]
[Source "ChessBase"]
[SourceQuality "1"]
[TimeControl "40/5400+30:1800+30"]

1. c4 c5 2. Nf3 g6 3. d4 cxd4 4. Nxd4 Bg7 5. e4 Nc6 6. Be3 Nf6 7. Nc3 d6 8. Be2 O-O 9. O-O Nxd4 10. Bxd4 Bd7 11. h3 Bc6 12. Qc2 a5 13. Rad1 Nd7 14. Bxg7 Kxg7 15. Bg4 Ne5 16. c5 b5 17. cxd6 exd6 18. b3 Qb6 19. Rxd6 Qc5 20. Rd2 b4 21. Nd5 Qxc2 22. Rxc2 Rfd8 23. Be2 Bxd5 24. exd5 Rac8 25. Rxc8 Rxc8 26. Rd1 Kf6 27. f4 Nd7 28. d6 Rd8 29. Bb5 Nc5 30. d7 Ke7 31. Re1+ Ne6 32. Kf2 Kd6 33. g3 Kc5 34. Ba4 Kd6 35. Rd1+ Ke7 36. Rd5 Ra8 37. Ke3 Kd8 38. g4 f6 39. h4 Nc7 40. Rc5 Ra6 41. f5 gxf5 42. Rxf5 1-0

[Event "Biel Master Tournament 2019"]
[Site "Biel"]
[Date "2019.07.26"]
[Round "5.9"]
[White "Loeffler, Markus"]
[Black "Gopal G.N."]
[Result "0-1"]
[ECO "B90"]
[WhiteElo "2339"]
[BlackElo "2594"]
[Annotator "ChessBase"]
[PlyCount "78"]
[EventDate "2019.07.20"]
[EventType "swiss"]
[EventCountry "SUI"]
[SourceTitle "playchess.com"]
[Source "ChessBase"]
[SourceQuality "1"]
[TimeControl "40/5400+30:1800+30"]

1. e4 c5 2. Nf3 d6 3. d4 cxd4 4. Nxd4 Nf6 5. Nc3 a6 6. h3 e5 7. Nde2 h5 8. Bg5 Be6 9. Bxf6 Qxf6 10. Nd5 Qd8 11. Qd3 Nd7 12. Nec3 g6 13. O-O-O Nc5 14. Qe2 Bh6+ 15. Kb1 b5 16. a3 Kf8 17. h4 Rb8 18. f3 Bd7 19. g4 hxg4 20. fxg4 Bg5 21. h5 Kg7 22. Qf3 a5 23. b4 axb4 24. axb4 Ne6 25. Be2 Bc6 26. Kb2 Rb7 27. Qf2 Nf4 28. Rh2 Bxd5 29. exd5 gxh5 30. gxh5 f5 31. h6+ Rxh6 32. Bd3 Qf6 33. Rxh6 Bxh6 34. Kb3 e4 35. Bxb5 Re7 36. Ne2 Nxe2 37. Qxe2 Kf8 38. Rg1 Bg7 39. Rxg7 Kxg7 0-1

[Event "Biel Master Tournament 2019"]
[Site "Biel"]
[Date "2019.07.26"]
[Round "5.11"]
[White "Morawietz, Dieter"]
[Black "Aryan, Chopra"]
[Result "1/2-1/2"]
[ECO "D85"]
[WhiteElo "2405"]
[BlackElo "2553"]
[Annotator "ChessBase"]
[PlyCount "75"]
[EventDate "2019.07.20"]
[EventType "swiss"]
[EventCountry "SUI"]
[SourceTitle "playchess.com"]
[Source "ChessBase"]
[SourceQuality "1"]
[TimeControl "40/5400+30:1800+30"]

1. d4 Nf6 2. c4 g6 3. Nc3 d5 4. cxd5 Nxd5 5. e4 Nxc3 6. bxc3 Bg7 7. Be3 c5 8. Rc1 Qa5 9. Qd2 cxd4 10. cxd4 Qxd2+ 11. Bxd2 O-O 12. Nf3 Bg4 13. d5 Nd7 14. Ng5 Nf6 15. h3 Bd7 16. Bd3 h6 17. Nf3 e6 18. Rc7 Rfd8 19. Rxb7 exd5 20. e5 Ne4 21. Be3 Bf8 22. Rb2 Nc5 23. Be2 Rab8 24. Rxb8 Rxb8 25. O-O Rb2 26. Rc1 Rxe2 27. Bxc5 Rxa2 28. Be3 a5 29. Rc7 Be6 30. Nd4 a4 31. Nxe6 fxe6 32. Rc8 Kf7 33. Rc7+ Ke8 34. Rc8+ Kf7 35. Rc7+ Kg8 36. Rc8 Ra1+ 37. Kh2 Kf7 38. Rc7+ 1/2-1/2

[Event "Biel Master Tournament 2019"]
[Site "Biel"]
[Date "2019.07.26"]
[Round "5.12"]
[White "Puranik, Abhimanyu"]
[Black "Harika, Dronavalli"]
[Result "1/2-1/2"]
[ECO "C42"]
[WhiteElo "2550"]
[BlackElo "2425"]
[Annotator "ChessBase"]
[PlyCount "51"]
[EventDate "2019.07.20"]
[EventType "swiss"]
[EventCountry "SUI"]
[SourceTitle "playchess.com"]
[Source "ChessBase"]
[SourceQuality "1"]
[TimeControl "40/5400+30:1800+30"]

1. e4 e5 2. Nf3 Nf6 3. Nxe5 d6 4. Nf3 Nxe4 5. Nc3 Nf6 6. d4 Be7 7. Bd3 O-O 8. h3 Re8 9. O-O b6 10. d5 a6 11. a4 Bb7 12. Re1 Nbd7 13. Bc4 Bf8 14. Be3 Ne5 15. Bf1 g6 16. Bg5 h6 17. Bh4 Bg7 18. Nxe5 dxe5 19. Bc4 Qd7 20. Bg3 Nh5 21. Bh2 Kh7 22. Qd2 f5 23. Rad1 Rad8 24. Qe2 Qc8 25. Rd2 e4 26. Red1 1/2-1/2

[Event "Biel Master Tournament 2019"]
[Site "Biel"]
[Date "2019.07.26"]
[Round "5.13"]
[White "Erigaisi Arjun"]
[Black "Mittal, Aditya"]
[Result "1-0"]
[ECO "A14"]
[WhiteElo "2531"]
[BlackElo "2429"]
[Annotator "ChessBase"]
[PlyCount "117"]
[EventDate "2019.07.20"]
[EventType "swiss"]
[EventCountry "SUI"]
[SourceTitle "playchess.com"]
[Source "ChessBase"]
[SourceQuality "1"]
[TimeControl "40/5400+30:1800+30"]

1. Nf3 d5 2. e3 Nf6 3. c4 e6 4. b3 c5 5. Bb2 Nc6 6. g3 Be7 7. Bg2 O-O 8. O-O b6 9. Nc3 Bb7 10. cxd5 exd5 11. d4 Re8 12. Rc1 Rc8 13. Re1 Bf8 14. Ne2 Ne4 15. Nf4 cxd4 16. Nxd4 Ne5 17. Rxc8 Qxc8 18. h3 Qd7 19. Qa1 Ng6 20. Nde2 Qf5 21. Rd1 Bc5 22. Bd4 Bf8 23. h4 Qc8 24. Qb2 Ne7 25. Bh3 Qc6 26. Rc1 Qh6 27. Rc7 Bc8 28. Bxc8 Rxc8 29. Rxc8 Nxc8 30. Nxd5 Qh5 31. Ndf4 Qf3 32. Nc3 Nxc3 33. Bxc3 Nd6 34. Qe2 Qc6 35. Bb4 Ne4 36. Bxf8 Kxf8 37. Qd3 Ke8 38. Qd4 f6 39. Qd1 Ke7 40. Ne2 Nc3 41. Nxc3 Qxc3 42. Kg2 g6 43. Qd5 Qc8 44. Qe4+ Kf8 45. Qb4+ Ke8 46. Qa4+ Kf8 47. Qxa7 Qc6+ 48. Kh2 Kg8 49. Qa4 b5 50. Qf4 Qc2 51. Qxf6 Qxa2 52. Qe6+ Kg7 53. Kg2 Qa8+ 54. e4 Qb7 55. Qe5+ Kh6 56. Qd5 Qb6 57. e5 b4 58. e6 Qc7 59. Qd2+ 1-0

[Event "Biel Master Tournament 2019"]
[Site "Biel"]
[Date "2019.07.26"]
[Round "5.14"]
[White "Saravanan, Venkatachalam"]
[Black "Shchekachev, Andrei"]
[Result "1/2-1/2"]
[ECO "B37"]
[WhiteElo "2332"]
[BlackElo "2531"]
[Annotator "ChessBase"]
[PlyCount "68"]
[EventDate "2019.07.20"]
[EventType "swiss"]
[EventCountry "SUI"]
[SourceTitle "playchess.com"]
[Source "ChessBase"]
[SourceQuality "1"]
[TimeControl "40/5400+30:1800+30"]

1. Nf3 g6 2. c4 Bg7 3. Nc3 c5 4. d4 cxd4 5. Nxd4 Nc6 6. Nc2 Bxc3+ 7. bxc3 Qa5 8. e4 Nf6 9. f3 d6 10. Bd2 Be6 11. Nd4 Rc8 12. Be2 O-O 13. Nxe6 fxe6 14. O-O Qc5+ 15. Kh1 Ne5 16. Rb1 Nxc4 17. Bxc4 Qxc4 18. Rxb7 Rfe8 19. Rxa7 Ra8 20. Rb7 Rxa2 21. Rb4 Qd3 22. Rd4 Qc2 23. Qxc2 Rxc2 24. Rc1 Rxc1+ 25. Bxc1 e5 26. Rd1 Rc8 27. Bd2 Nd7 28. Kg1 Kf7 29. Kf2 Ra8 30. Be3 Ra3 31. Rd3 Ke6 32. Bc1 Ra2+ 33. Rd2 Ra1 34. Rc2 Nc5 1/2-1/2

[Event "Biel Master Tournament 2019"]
[Site "Biel"]
[Date "2019.07.26"]
[Round "5.16"]
[White "Vaibhav, Suri"]
[Black "Omar, Noaman"]
[Result "1-0"]
[ECO "C18"]
[WhiteElo "2591"]
[BlackElo "2369"]
[Annotator "ChessBase"]
[PlyCount "83"]
[EventDate "2019.07.20"]
[EventType "swiss"]
[EventCountry "SUI"]
[SourceTitle "playchess.com"]
[Source "ChessBase"]
[SourceQuality "1"]
[TimeControl "40/5400+30:1800+30"]

1. e4 e6 2. d4 d5 3. Nc3 Bb4 4. e5 c5 5. a3 Bxc3+ 6. bxc3 Qa5 7. Bd2 Qa4 8. Qg4 Kf8 9. h4 Nc6 10. h5 h6 11. Qd1 b6 12. Nf3 Ba6 13. Bxa6 Qxa6 14. dxc5 bxc5 15. Qe2 c4 16. a4 Rb8 17. O-O Nge7 18. Nh4 Ke8 19. Bc1 Qa5 20. Qe3 Rd8 21. Rd1 d4 22. cxd4 Nd5 23. Qe4 Ncb4 24. Ba3 Qc7 25. Bxb4 Nxb4 26. Nf3 Nd5 27. Rdb1 Qd7 28. Qg4 Rg8 29. Rb5 a6 30. Rc5 c3 31. a5 Rb8 32. Ne1 g6 33. Nd3 Kf8 34. hxg6 Rxg6 35. Qf3 Kg7 36. Nf4 Nxf4 37. Qxf4 Rb4 38. Rd1 Qb7 39. g3 Rb1 40. Rxb1 Qxb1+ 41. Kg2 Qb7+ 42. Qf3 1-0

[Event "Biel Master Tournament 2019"]
[Site "Biel"]
[Date "2019.07.26"]
[Round "5.17"]
[White "Wong, Jianwen"]
[Black "Sedlak, Nikola"]
[Result "1-0"]
[ECO "A26"]
[WhiteElo "2301"]
[BlackElo "2586"]
[Annotator "ChessBase"]
[PlyCount "83"]
[EventDate "2019.07.20"]
[EventType "swiss"]
[EventCountry "SUI"]
[SourceTitle "playchess.com"]
[Source "ChessBase"]
[SourceQuality "1"]
[TimeControl "40/5400+30:1800+30"]

1. c4 e5 2. g3 Nc6 3. Nc3 g6 4. Bg2 Bg7 5. d3 d6 6. e4 Nd4 7. Nge2 Nxe2 8. Qxe2 Ne7 9. O-O Nc6 10. Be3 O-O 11. Qd2 Be6 12. Nd5 Nd4 13. Bxd4 exd4 14. f4 c6 15. f5 gxf5 16. exf5 Bxd5 17. cxd5 c5 18. f6 Bxf6 19. Rf5 Be5 20. Re1 f6 21. Re4 Rc8 22. Rh4 Rc7 23. Be4 Rff7 24. Rfh5 Rg7 25. Qg2 Rce7 26. Qh3 Qd7 27. Bf5 Qc7 28. Qf1 Kf8 29. Be6 Ke8 30. Bf5 Kd8 31. Kg2 Qa5 32. a3 Bxg3 33. hxg3 Qd2+ 34. Kh3 Re1 35. Qg2 Re2 36. Qg1 Re1 37. Qg2 Qe3 38. Rg4 Rg1 39. Rxg7 Rxg2 40. Rhxh7 Rh2+ 41. Kxh2 Qf2+ 42. Kh3 1-0

[Event "Biel Master Tournament 2019"]
[Site "Biel"]
[Date "2019.07.26"]
[Round "5.18"]
[White "Antipov, Mikhail Al."]
[Black "Pranav Anand"]
[Result "1/2-1/2"]
[ECO "C95"]
[WhiteElo "2582"]
[BlackElo "2347"]
[Annotator "ChessBase"]
[PlyCount "84"]
[EventDate "2019.07.20"]
[EventType "swiss"]
[EventCountry "SUI"]
[SourceTitle "playchess.com"]
[Source "ChessBase"]
[SourceQuality "1"]
[TimeControl "40/5400+30:1800+30"]

1. e4 e5 2. Nf3 Nc6 3. Bb5 a6 4. Ba4 Nf6 5. O-O Be7 6. Re1 b5 7. Bb3 d6 8. c3 O-O 9. h3 Nb8 10. d4 Nbd7 11. c4 c6 12. a3 bxc4 13. Bxc4 Nxe4 14. dxe5 d5 15. Ba2 Ndc5 16. Nd4 Bd7 17. Qc2 Qb6 18. Be3 Bg5 19. f4 Bh4 20. Rd1 Ne6 21. Nc3 Nxc3 22. bxc3 Nxd4 23. Rxd4 Be7 24. Kh2 Rab8 25. Rb1 Qa7 26. Rxb8 Qxb8 27. Rd1 Bxa3 28. Qa4 Qb2 29. Bxd5 cxd5 30. Qxd7 Qxc3 31. Bd4 Qc2 32. Qg4 Bb2 33. Bxb2 Qxb2 34. Rxd5 Qb4 35. h4 Qe4 36. Rd7 a5 37. h5 h6 38. Re7 Qb4 39. Rd7 Qe4 40. Rc7 a4 41. Rc3 Kh8 42. Rg3 Qd5 1/2-1/2

[Event "Biel Master Tournament 2019"]
[Site "Biel"]
[Date "2019.07.26"]
[Round "5.19"]
[White "Moussard, Jules"]
[Black "Kamber, Bruno"]
[Result "1/2-1/2"]
[ECO "B06"]
[WhiteElo "2576"]
[BlackElo "2299"]
[Annotator "RC"]
[PlyCount "24"]
[EventDate "2019.07.20"]
[EventType "swiss"]
[EventCountry "SUI"]
[SourceTitle "playchess.com"]
[Source "ChessBase"]
[SourceQuality "1"]
[TimeControl "40/5400+30:1800+30"]

1. e4 g6 2. d4 Bg7 3. Nc3 d6 4. Be3 a6 5. h4 h5 6. Qd2 b5 7. O-O-O Bb7 8. f3 Nf6 9. Nh3 Nc6 10. Ng5 e5 11. d5 Ne7 12. Kb1 Rc8 1/2-1/2

[Event "Biel Master Tournament 2019"]
[Site "Biel"]
[Date "2019.07.26"]
[Round "5.20"]
[White "Santos Ruiz, Miguel"]
[Black "Mooser, Stefan"]
[Result "1-0"]
[ECO "B48"]
[WhiteElo "2567"]
[BlackElo "2296"]
[Annotator "ChessBase"]
[PlyCount "65"]
[EventDate "2019.07.20"]
[EventType "swiss"]
[EventCountry "SUI"]
[SourceTitle "playchess.com"]
[Source "ChessBase"]
[SourceQuality "1"]
[TimeControl "40/5400+30:1800+30"]

1. e4 c5 2. Nf3 e6 3. d4 cxd4 4. Nxd4 Nc6 5. Nc3 Qc7 6. Be3 a6 7. a3 b5 8. Nxc6 Qxc6 9. Qf3 Bb7 10. Qg3 Nf6 11. f3 Rc8 12. Bd3 Qc7 13. f4 h5 14. O-O Bc5 15. Bxc5 Qxc5+ 16. Kh1 g6 17. e5 h4 18. Qh3 Nh5 19. Be4 Qb6 20. Bxb7 Qxb7 21. Qxh4 Rc4 22. Rf3 Kf8 23. Raf1 Kg7 24. Qf2 a5 25. Kg1 f5 26. b3 Rc7 27. a4 bxa4 28. Nxa4 Rb8 29. c4 Qc6 30. Rd3 Rcb7 31. Rd6 Qc8 32. Nc5 Rc7 33. Na6 1-0

[Event "Biel Master Tournament 2019"]
[Site "Biel"]
[Date "2019.07.28"]
[Round "6.6"]
[White "Gopal G.N."]
[Black "Erigaisi Arjun"]
[Result "0-1"]
[ECO "B83"]
[WhiteElo "2594"]
[BlackElo "2531"]
[Annotator "ChessBase"]
[PlyCount "59"]
[EventDate "2019.07.20"]
[EventType "swiss"]
[EventCountry "SUI"]
[SourceTitle "playchess.com"]
[Source "ChessBase"]
[SourceQuality "1"]
[TimeControl "40/5400+30:1800+30"]

1. e4 c5 2. Nf3 e6 3. d4 cxd4 4. Nxd4 Nc6 5. Nc3 Qc7 6. Be2 Nf6 7. Be3 Be7 8. f4 d6 9. Qd2 a6 10. O-O-O Nxd4 11. Qxd4 O-O 12. g4 e5 13. Qd3 exf4 14. Bxf4 Be6 15. g5 Nd7 16. Nd5 Bxd5 17. Qxd5 Ne5 18. h4 Rac8 19. c3 b5 20. Kb1 Qc5 21. Rhf1 Qxd5 22. Rxd5 f6 23. a4 bxa4 24. Bxa6 Ra8 25. Bxe5 Rxa6 26. gxf6 dxe5 27. fxe7 Rxf1+ 28. Kc2 Kf7 29. Rxe5 Ke8 30. Rf5 0-1

[Event "Biel Master Tournament 2019"]
[Site "Biel"]
[Date "2019.07.28"]
[Round "6.9"]
[White "Harika, Dronavalli"]
[Black "Vaibhav, Suri"]
[Result "1/2-1/2"]
[ECO "E20"]
[WhiteElo "2425"]
[BlackElo "2591"]
[Annotator "ChessBase"]
[PlyCount "128"]
[EventDate "2019.07.20"]
[EventType "swiss"]
[EventCountry "SUI"]
[SourceTitle "playchess.com"]
[Source "ChessBase"]
[SourceQuality "1"]
[TimeControl "40/5400+30:1800+30"]

1. d4 Nf6 2. c4 e6 3. Nc3 Bb4 4. f3 c5 5. d5 b5 6. e4 O-O 7. e5 Ne8 8. f4 exd5 9. cxd5 d6 10. Nf3 c4 11. a4 Nd7 12. Be2 Qb6 13. Bd2 Nc7 14. Nxb5 Nxd5 15. Bxb4 Nxb4 16. Nxd6 Ba6 17. Nxc4 Bxc4 18. Bxc4 Qe3+ 19. Qe2 Nc2+ 20. Kf1 Qxe2+ 21. Kxe2 Nxa1 22. Rxa1 Nb6 23. Bb3 Rab8 24. Rd1 Nd7 25. e6 Rfe8 26. Rxd7 Rxb3 27. e7 Rxb2+ 28. Kd3 g6 29. Nd4 f5 30. Rxa7 Kf7 31. Nc6 Ke6 32. a5 Rxg2 33. a6 Ra2 34. Kc4 Kd6 35. Ne5 Rxe7 36. Nf7+ Ke6 37. Ng5+ Kd6 38. Nf7+ Ke6 39. Ng5+ Kf6 40. Nxh7+ Kf7 41. Ng5+ Kf8 42. Rxe7 Kxe7 43. Kb5 Kd6 44. Nf7+ Ke6 45. Ng5+ Kd6 46. Nf7+ Kc7 47. Ne5 Rxh2 48. Nxg6 Re2 49. Nh4 Rh2 50. Ng6 Rh6 51. Ne7 Rh7 52. Nd5+ Kb8 53. Kc5 Rh6 54. Ne7 Rh4 55. Nd5 Rh6 56. Ne7 Rxa6 57. Kd5 Ra4 58. Nc6+ Kc7 59. Nd4 Kd7 60. Ke5 Ke8 61. Nxf5 Kf7 62. Nd6+ Kg7 63. f5 Ra6 64. Ke6 Rxd6+ 1/2-1/2

[Event "Biel Master Tournament 2019"]
[Site "Biel"]
[Date "2019.07.28"]
[Round "6.10"]
[White "Dhulipalla Bala Chandra Prasad"]
[Black "Moussard, Jules"]
[Result "1/2-1/2"]
[ECO "A88"]
[WhiteElo "2419"]
[BlackElo "2576"]
[Annotator "ChessBase"]
[PlyCount "127"]
[EventDate "2019.07.20"]
[EventType "swiss"]
[EventCountry "SUI"]
[SourceTitle "playchess.com"]
[Source "ChessBase"]
[SourceQuality "1"]
[TimeControl "40/5400+30:1800+30"]

1. d4 f5 2. Nf3 Nf6 3. g3 g6 4. Bg2 Bg7 5. O-O O-O 6. c4 d6 7. Nc3 c6 8. Rb1 a5 9. d5 e5 10. dxe6 Bxe6 11. b3 Na6 12. Ng5 Bc8 13. Bb2 Qe7 14. Qc2 h6 15. Nf3 Be6 16. Rbd1 Nc5 17. e3 Nfe4 18. Rfe1 a4 19. Nd4 Bf7 20. b4 a3 21. Ba1 Na6 22. Nxe4 fxe4 23. b5 Nb4 24. Qxe4 Qxe4 25. Bxe4 Rfe8 26. Bb1 cxb5 27. Bc3 Nc6 28. cxb5 Ne5 29. Kg2 Ra4 30. Rc1 Rc4 31. Bd2 Bd5+ 32. Kf1 Kf7 33. h3 Rxc1 34. Rxc1 Bc4+ 35. Kg2 d5 36. Bc2 Bf8 37. f4 Nd7 38. Bb3 Nb6 39. Ba5 Bxb3 40. axb3 Rc8 41. Ra1 Nd7 42. Bd2 Ra8 43. Ra2 Nc5 44. Bb4 Nxb3 45. Rxa3 Rxa3 46. Bxa3 Nxd4 47. Bxf8 Nxb5 48. Bb4 Na7 49. Kf3 Nc6 50. Bc5 Na5 51. g4 b5 52. e4 Nb3 53. Be3 d4 54. Bg1 Nd2+ 55. Ke2 Nxe4 56. Kd3 Nc5+ 57. Kxd4 Ne6+ 58. Ke4 b4 59. Be3 h5 60. Kd3 Nc7 61. Kc4 Ne8 62. Kxb4 hxg4 63. hxg4 Nf6 64. f5 1/2-1/2

[Event "Biel Master Tournament 2019"]
[Site "Biel"]
[Date "2019.07.28"]
[Round "6.11"]
[White "Rahul Srivatshav P"]
[Black "Santos Ruiz, Miguel"]
[Result "1-0"]
[ECO "E04"]
[WhiteElo "2414"]
[BlackElo "2567"]
[Annotator "ChessBase"]
[PlyCount "83"]
[EventDate "2019.07.20"]
[EventType "swiss"]
[EventCountry "SUI"]
[SourceTitle "playchess.com"]
[Source "ChessBase"]
[SourceQuality "1"]
[TimeControl "40/5400+30:1800+30"]

1. d4 Nf6 2. c4 e6 3. g3 d5 4. Nf3 dxc4 5. Bg2 Bb4+ 6. Bd2 a5 7. Qc2 b6 8. O-O Bb7 9. a3 Bxd2 10. Nbxd2 b5 11. a4 c6 12. b3 cxb3 13. Nxb3 b4 14. Ne5 O-O 15. e4 Qc7 16. Rfc1 Rd8 17. h3 h6 18. f4 Rc8 19. Nc4 Nbd7 20. e5 Nd5 21. Nd6 Ne3 22. Qf2 Nxg2 23. Nxc8 Rxc8 24. Nc5 Nxc5 25. Rxc5 Nxf4 26. gxf4 Rd8 27. Kh2 Rd7 28. Rg1 Qd8 29. Qg3 g6 30. f5 exf5 31. e6 Rd6 32. exf7+ Kxf7 33. Rxf5+ gxf5 34. Qg7+ Ke6 35. Rg6+ Kd5 36. Qe5+ Kc4 37. Qc5+ Kb3 38. Rg2 Ka3 39. Qc4 b3 40. Qc5+ Kxa4 41. Rg1 b2 42. Qc4+ 1-0